 Dungeon Crawl Stone Soup version 0.23-b1 (webtiles) character file.

Game seed: 2180050637246251237

13095 Kisielow the Carver (level 11, -1/94 HPs)
             Began as a Minotaur Fighter on Jan 30, 2019.
             Was a High Priest of Okawaru.
             Slain by a seven-headed hydra (10 damage)
             ... in a Gauntlet.
             The game lasted 00:29:30 (11716 turns).

Kisielow the Carver (Minotaur Fighter)             Turns: 11716, Time: 00:29:31

Health: -1/94      AC: 20    Str: 25    XL:     11   Next: 71%
Magic:  0/16       EV: 10    Int:  7    God:    Okawaru [*****.]
Gold:   600        SH: 14    Dex: 14    Spells: 10/10 levels left

rFire    . . .     SeeInvis .   x - +5 dagger of Gallantry {pain, *Slow Str+2 Int+2}
rCold    . . .     Gourm    .   c - +0 shield
rNeg     + . .     Faith    .   A - +0 plate armour
rPois    .         Spirit   +   z - +0 hat
rElec    .         Reflect  .   k - scarf {Spirit}
rCorr    .         Harm     .   l - +1 pair of gloves
MR       .....     NoTele   +   D - +0 pair of boots
Stlth    ..........             n - amulet of the acrobat
HPRegen  0.25/turn              d - +3 ring of dexterity
MPRegen  0.15/turn              B - ring of positive energy

@: heroism, finesse, very slightly contaminated, slowed, invisible, very slow
A: retaliatory headbutt, horns 2
a: Heroism, Finesse, Renounce Religion


You were in a Gauntlet.
You worshipped Okawaru.
Okawaru was extremely pleased with you.
You were not hungry.

You visited 2 branches of the dungeon, and saw 13 of its levels.
You also visited: Gauntlet.

You collected 695 gold pieces.
You spent 95 gold pieces at shops.

Inventory:

Hand Weapons
 x - the +5 dagger of Gallantry (weapon) {pain, *Slow Str+2 Int+2}
   (You found it on level 5 of the Dungeon)

   In the hands of one skilled in necromantic magic, it inflicts extra damage on
   living creatures.
   It affects your strength (+2).
   It affects your intelligence (+2).
   It may slow you when you take damage.
 G - a +5 scimitar of draining
 J - a +0 great sword of holy wrath
 L - the +7 falchion of Lonwy {drain, rF+ Str+3}
   (Okawaru gifted it to you in a Gauntlet)

   A truly terrible weapon, it drains the life of those it strikes.
   It affects your strength (+3).
   It protects you from fire.
Armour
 c - a +0 shield (worn)
 k - a scarf of spirit shield (worn)
 l - a +1 pair of gloves (worn)
 z - a +0 hat (worn)
 A - a +0 plate armour (worn)
 D - a +0 pair of boots (worn)
Jewellery
 d - a +3 ring of dexterity (left hand)
 j - an uncursed amulet of rage
 m - an uncursed ring of protection from cold
 n - an amulet of the acrobat (around neck)
 u - an uncursed ring of fire
 B - a ring of positive energy (right hand)
 C - an uncursed ring of protection from cold
 H - an uncursed ring of stealth
 K - an uncursed ring of protection from cold
Wands
 b - a wand of flame (21)
 E - a wand of digging (6)
 F - a wand of paralysis (6)
Scrolls
 i - a scroll of immolation
 o - 2 scrolls of teleportation
 s - 4 scrolls of enchant armour
 t - 3 scrolls of remove curse
 v - 6 scrolls of identify
 y - 4 scrolls of blinking
 I - a scroll of fog {unknown}
Potions
 e - a potion of brilliance
 g - 2 potions of flight
 p - 2 potions of heal wounds
 q - 2 potions of ambrosia
 r - 6 potions of curing
 w - a potion of agility {unknown}
Comestibles
 f - 22 rations


   Skills:
 + Level 8.3(13.3) Fighting
 * Level 12.3(17.3) Long Blades
 + Level 8.3(13.3) Armour
 + Level 8.3(13.3) Shields
 - Level 8.0 Invocations
 - Level 8.0 Evocations


You had 10 spell levels left.
You didn't know any spells.
Your spell library contained the following spells:

 Spells                   Type           Power        Failure   Level  Hunger
 Shock                    Conj/Air       #...         99%         1    ##.....
 Swiftness                Chrm/Air       #.......     100%        2    ###....
 Static Discharge         Conj/Air       #.......     100%        3    ####...
 Airstrike                Air            #.........   100%        4    #####..
 Lightning Bolt           Conj/Air       #.........   100%        5    ######.


Dungeon Overview and Level Annotations

Branches:
Dungeon (12/15)            Temple (0/1) D:5            Lair (1/6) D:8
    Orc (0/2) D:9

Altars:
Ashenzari
Elyvilon
Kikubaaqudgha
Makhleb
Okawaru
Ru
Uskayaw
Wu Jian
The Shining One

Shops:
D:4 *   D:5 (

Annotations:
Lair:1 exclusion: 4 oklob plants Gauntlet 11 transporters, exclusion: oklob plant


Innate Abilities, Weirdness & Mutations

You reflexively headbutt those who attack you in melee.
You have a pair of horns on your head.


Message History

You block the seven-headed hydra's attack.
The seven-headed hydra bites you.
* * * LOW HITPOINT WARNING * * *
You block the seven-headed hydra's attack.
The seven-headed hydra bites you but does no damage.
The seven-headed hydra bites you.
* * * LOW HITPOINT WARNING * * *
The seven-headed hydra bites you.
* * * LOW HITPOINT WARNING * * *
The seven-headed hydra closely misses you.
You are very lightly contaminated with residual magic.
You puncture the seven-headed hydra! You headbutt the seven-headed hydra.
The seven-headed hydra is heavily wounded.
You block the seven-headed hydra's attack.
The seven-headed hydra bites you!
* * * LOW HITPOINT WARNING * * *
The seven-headed hydra bites you but does no damage.
The seven-headed hydra closely misses you.
The seven-headed hydra bites you!
You die...

#......#©........#...
#..#############.####
#..#.........#.#.#D..
#..#.........#.#.#.##
#..#.#######.#.#.#...
#..##.#.#.#.##.#.#=#.
#..#w...©....#.#©#©P.
...####D#.#.#.#.#.###..#
#....©#@#######.#...#(.#
...####.........#...#.##
#.#..#..#..[$©[...#...#...
# #. #..###########...####
#. #8................... #
#⌠.............⌠.....
#8...................
#..###########...####
#..#...[©555p#...#555


You could see a seven-headed hydra and a torpor snail.

Vanquished Creatures
  5 two-headed ogres
  An unseen horror (D:11)
  An orb spider (shapeshifter) (Gauntlet)
  2 ugly things (D:11)
  A manticore (D:11)
  2 trolls
  A hornet (D:10)
  3 hippogriffs
  Sigmund (D:2)
  A wyvern (D:9)
  A ynoxinul (Gauntlet)
  2 ice beasts
  7 orc warriors
  A sky beast (D:6)
  4 ogres
  A necrophage (D:9)
  An eye of draining (D:9)
  4 wolves (D:8)
  9 centaurs
  A crocodile (D:11)
  4 bullfrogs
  A gnoll sergeant (D:6)
  3 scorpions
  21 killer bees
  4 wights (D:11)
  6 howler monkeys
  3 electric eels (D:8)
  4 crimson imps
  A centaur zombie (D:8)
  A bullfrog zombie (D:9)
  A quasit (D:10)
  4 jellies
  7 hounds
  3 iron imps (Gauntlet)
  13 orc wizards
  5 orc priests
  A bullfrog skeleton (D:8)
  A centaur skeleton (D:9)
  4 iguanas
  8 worker ants
  A hound skeleton (D:7)
  A howler monkey zombie (D:7)
  A worker ant zombie (D:2)
  4 gnolls (D:6)
  9 adders
  2 shadow imps
  6 oozes
  An adder zombie (D:7)
  2 adder skeletons
  5 worms
  4 leopard geckos
  38 orcs
  A ball python (D:5)
  5 bats
  12 giant cockroaches
  7 goblins
  5 hobgoblins
  10 jackals
  8 kobolds
  9 quokkas
  8 frilled lizards
  A jackal skeleton (D:4)
  3 rats
287 creatures vanquished.

Notes
Turn   | Place    | Note
-------+----------+-------------------------------------------
     0 | D:1      | Kisielow the Minotaur Fighter began the quest for the Orb.
     0 | D:1      | Reached XP level 1. HP: 19/19 MP: 0/0
   190 | D:1      | Reached skill level 3 in Long Blades
   199 | D:1      | Reached XP level 2. HP: 26/26 MP: 1/1
   778 | D:2      | Reached skill level 4 in Long Blades
   795 | D:2      | Found an ancient bone altar of Kikubaaqudgha.
   817 | D:2      | Reached XP level 3. HP: 31/31 MP: 2/2
  1053 | D:2      | Reached skill level 5 in Long Blades
  1368 | D:2      | Found a burning altar of Makhleb.
  1378 | D:2      | Found a glowing golden altar of the Shining One.
  1383 | D:2      | Found an iron altar of Okawaru.
  1387 | D:2      | Became a worshipper of Warmaster Okawaru
  1472 | D:2      | Noticed Sigmund
  1479 | D:2      | Killed Sigmund
  1479 | D:2      | Reached skill level 7 in Long Blades
  1479 | D:2      | Reached XP level 4. HP: 9/39 MP: 0/3
  1479 | D:2      | Reached XP level 5. HP: 11/45 MP: 0/4
  2034 | D:3      | Reached XP level 6. HP: 48/52 MP: 5/5
  2049 | D:3      | Reached * piety under Okawaru
  2841 | D:4      | Found Ulonis's General Store.
  2849 | D:4      | Bought a scroll of enchant armour for 75 gold pieces
  2849 | D:4      | Bought a scroll of identify for 20 gold pieces
  2891 | D:4      | Reached skill level 8 in Long Blades
  2980 | D:4      | Reached XP level 7. HP: 60/60 MP: 6/6
  3288 | D:5      | Entered Level 5 of the Dungeon
  3323 | D:5      | Found a staircase to the Ecumenical Temple.
  3521 | D:5      | Reached skill level 5 in Fighting
  3521 | D:5      | Reached skill level 5 in Shields
  3639 | D:5      | Got an ichor-stained dagger
  3640 | D:5      | Identified the +5 dagger of Gallantry {pain, *Slow Str+2
                  | Int+2} (You found it on level 5 of the Dungeon)
  3759 | D:5      | Reached skill level 5 in Armour
  3896 | D:5      | Found Rimetaps's Antique Weapon Shoppe.
  4252 | D:6      | Reached skill level 9 in Long Blades
  4256 | D:6      | Reached ** piety under Okawaru
  4639 | D:6      | Reached XP level 8. HP: 61/68 MP: 4/7
  5376 | D:7      | Noticed a hippogriff
  5382 | D:7      | Found a sacrificial altar of Ru.
  5396 | D:7      | Killed a hippogriff
  5396 | D:7      | Reached skill level 10 in Long Blades
  5412 | D:7      | Reached *** piety under Okawaru
  5422 | D:7      | Reached XP level 9. HP: 57/78 MP: 5/8
  5812 | D:7      | Found a hide-covered altar of Uskayaw.
  5842 | D:7      | Found a shattered altar of Ashenzari.
  6376 | D:8      | Found an ornate altar of the Wu Jian Council.
  6495 | D:8      | Noticed a two-headed ogre
  6506 | D:8      | Killed a two-headed ogre
  6506 | D:8      | Reached **** piety under Okawaru
  6506 | D:8      | Reached skill level 11 in Long Blades
  6743 | D:8      | Reached skill level 1 in Invocations
  6743 | D:8      | Reached skill level 1 in Evocations
  6748 | D:8      | Received a gift from Okawaru
  6749 | D:8      | Noticed a troll
  6778 | D:8      | Killed a troll
  7076 | D:8      | Reached XP level 10. HP: 70/86 MP: 11/11
  7152 | D:8      | Found a staircase to the Lair.
  8212 | Lair:1   | Entered Level 1 of the Lair of Beasts
  8212 | Lair:1   | Noticed an oklob plant
  8212 | Lair:1   | Noticed an oklob plant
  8212 | Lair:1   | Noticed a spiny frog
  8212 | Lair:1   | Noticed an oklob plant
  8212 | Lair:1   | Noticed an oklob plant
  8385 | D:9      | Found a white marble altar of Elyvilon.
  8483 | D:9      | Noticed a two-headed ogre
  8494 | D:9      | Killed a two-headed ogre
  8494 | D:9      | Reached ***** piety under Okawaru
  8494 | D:9      | Reached skill level 5 in Invocations
  8577 | D:9      | Reached skill level 5 in Evocations
  8719 | D:9      | Found a staircase to the Orcish Mines.
  8891 | D:9      | Noticed a two-headed ogre
  8906 | D:9      | Killed a two-headed ogre
  9203 | D:9      | Noticed a two-headed ogre
  9212 | D:9      | Killed a two-headed ogre
  9260 | D:9      | Reached XP level 11. HP: 90/91 MP: 15/15
  9472 | D:10     | Entered Level 10 of the Dungeon
  9957 | D:10     | Found a shattered altar of Ashenzari.
 10001 | D:10     | Received a gift from Okawaru
 10548 | D:11     | Noticed a two-headed ogre
 10558 | D:11     | Killed a two-headed ogre
 10580 | D:11     | Noticed a purple ugly thing
 10589 | D:11     | Killed a purple ugly thing
 10882 | D:11     | Noticed a brown ugly thing
 10888 | D:11     | Killed a brown ugly thing
 10888 | D:11     | Reached skill level 12 in Long Blades
 10916 | D:11     | Killed an unseen horror
 11159 | D:12     | Found a gate leading to a gauntlet.
 11180 | Gauntlet | Entered a Gauntlet
 11180 | Gauntlet | Found a transporter.
 11180 | Gauntlet | Found a transporter.
 11184 | Gauntlet | Found a transporter.
 11184 | Gauntlet | Found a transporter.
 11195 | Gauntlet | Found a transporter.
 11214 | Gauntlet | Found a transporter.
 11215 | Gauntlet | Noticed an oklob plant
 11220 | Gauntlet | Noticed a wizard
 11224 | Gauntlet | Found a transporter.
 11224 | Gauntlet | Found a transporter.
 11224 | Gauntlet | Noticed a wizard
 11228 | Gauntlet | Found a transporter.
 11229 | Gauntlet | Noticed a seven-headed hydra
 11238 | Gauntlet | Found a transporter.
 11252 | Gauntlet | Found a transporter.
 11292 | Gauntlet | Noticed a wizard
 11294 | Gauntlet | Found a transporter.
 11327 | Gauntlet | Found a transporter.
 11341 | Gauntlet | Found a transporter.
 11427 | Gauntlet | Noticed an orb spider
 11428 | Gauntlet | an orb spider changed into a hornet
 11445 | Gauntlet | Found a transporter.
 11459 | Gauntlet | Found a transporter.
 11557 | Gauntlet | Noticed an orb spider
 11579 | Gauntlet | Killed an orb spider
 11638 | Gauntlet | Received a gift from Okawaru
 11652 | Gauntlet | Got a pitted falchion {god gift}
 11654 | Gauntlet | Identified the +7 falchion of Lonwy {drain, rF+ Str+3}
                  | (Okawaru gifted it to you in a Gauntlet)
 11716 | Gauntlet | Slain by a seven-headed hydra

Skill      XL: |  1  2  3  4  5  6  7  8  9 10 11 |
---------------+----------------------------------+-----
Long Blades    | 3 4 7 8 9 10 11 12 | 12.3
Fighting       | 4 5 6 7 8 |  8.3
Armour         | 4 5 6 7 8 |  8.3
Shields        | 4 5 6 7 8 |  8.3
Invocations    | 3 7 8 |  8.0
Evocations     | 3 6 8 |  8.0

Action                   |  1- 3 |  4- 6 |  7- 9 | 10-12 || total
-------------------------+-------+-------+-------+-------++-------
Melee: Long sword        |    80 |   150 |   366 |   295 ||   891
       Headbutt          |    19 |    21 |    79 |   102 ||   221
       Scimitar          |       |       |       |    92 ||    92
       Dagger            |       |       |       |     9 ||     9
Invok: Heroism           |       |       |     2 |     5 ||     7
       Finesse           |       |       |       |     2 ||     2
Evoke: Wand              |       |       |       |     2 ||     2
  Use: Potion            |     1 |       |     3 |     5 ||     9
       Scroll            |       |     9 |     8 |     2 ||    19
 Stab: Paralysed         |       |       |       |     3 ||     3
  Eat: Chunk             |     1 |     6 |    13 |    10 ||    30
       Ration            |       |       |       |     2 ||     2
Armor: Scale mail        |    30 |    55 |    46 |       ||   131
       Skin              |       |       |    16 |       ||    16
       Plate armour      |       |       |   106 |   204 ||   310
Dodge: Dodged            |    32 |    44 |    80 |   119 ||   275
Block: Shield            |    37 |    84 |   206 |   215 ||   542
       Rpst.: Long sword |    10 |    11 |    17 |    17 ||    55
       Scimitar          |       |       |       |     4 ||     4
